 Dungeon Crawl Stone Soup version 0.21-a0-38-g95c5c02 (webtiles) character file.

108 tilp the Firebug (level 4, -6/33 HPs)
             Began as a Hill Orc Fire Elementalist on May 29, 2017.
             Killed from afar by Ijyb (12 damage)
             ... with a wand of flame (?/48)
             ... on level 2 of the Dungeon.
             The game lasted 00:08:28 (2191 turns).

tilp the Firebug (Hill Orc Fire Elementalist)       Turns: 2191, Time: 00:08:28

Health: -6/33      AC:  4    Str: 10    XL:     4   Next: 87%
Magic:  5/7        EV: 12    Int: 16    God:
Gold:   93         SH:  0    Dex: 11    Spells: 2/8 levels left

rFire    . . .     SeeInvis .   d - +0 spear
rCold    . . .     Gourm    .   (no shield)
rNeg     . . .     Faith    .   a - +0 robe
rPois    .         Spirit   .   (no helmet)
rElec    .         Reflect  .   (no cloak)
rCorr    .         Harm     .   k - +0 pair of gloves
MR       .....                  p - +0 pair of boots
Stlth    ++........             (no amulet)
Regen    0.2/turn               (no ring)
MPRegen  0.1/turn               (no ring)

@: no status effects
A: no striking features
a: no special abilities


You were on level 2 of the Dungeon.
You were not hungry.

You visited 1 branch of the dungeon, and saw 3 of its levels.

You collected 93 gold pieces.

Inventory:

Hand Weapons
 d - a +0 spear (weapon)
 f - a +0 short sword
Missiles
 j - 95 stones (quivered)
Armour
 a - a +0 robe (worn)
 k - a +0 pair of gloves (worn)
 p - a +0 pair of boots (worn)
Jewellery
 l - an uncursed amulet of faith {unknown}
 m - an uncursed ring of protection from fire {unknown}
 v - an uncursed ring of poison resistance {unknown}
Scrolls
 g - 2 scrolls of remove curse {unknown}
 h - 2 scrolls of enchant armour {unknown}
 i - 2 scrolls of magic mapping {unknown}
 n - a scroll of identify {unknown}
Potions
 e - 2 potions of brilliance {unknown}
 o - a potion of curing {unknown}
 q - a potion of heal wounds {unknown}
 s - a potion of ambrosia {unknown}
 t - a potion of mutation {unknown}
Books
 b - a book of Flames

   Spells                             Type                      Level
   a - Flame Tongue                   Conjuration/Fire             1
   b - Throw Flame                    Conjuration/Fire             2
   c - Conjure Flame                  Conjuration/Fire             3
   d - Inner Flame                    Hexes/Fire                   3
   e - Sticky Flame                   Conjuration/Fire             4
   f - Fireball                       Conjuration/Fire             5
Comestibles
 c - 4 bread rations
 u - 4 fruits


   Skills:
 - Level 1.5 Dodging
 - Level 1.5 Stealth
 * Level 2.6 Spellcasting
 + Level 1.0 Conjurations
 + Level 5.0 Fire Magic


You had 2 spell levels left.
You knew the following spells:

 Your Spells              Type           Power        Failure   Level  Hunger
a - Flame Tongue          Conj/Fire      ##...        5%          1    #......
b - Conjure Flame         Conj/Fire      ##......     17%         3    ###....
c - Throw Flame           Conj/Fire      ##....       9%          2    ##.....


Dungeon Overview and Level Annotations

Branches:
Dungeon (3/15)

Altars:
Elyvilon

Annotations:
D:2 Ijyb


Message History

You hit Ijyb.
Ijyb is moderately wounded.
Ijyb zaps a wand.
The puff of flame hits you! Ijyb hits you but does no damage.
You barely miss Ijyb.
Ijyb is moderately wounded.
Ijyb misses you.
You closely miss Ijyb.
Ijyb is moderately wounded.
Ijyb grins evilly.
Ijyb hits you with a club.
* * * LOW HITPOINT WARNING * * *
Ijyb barely misses you. Ijyb hits you but does no damage.
You climb upwards.
There is a stone staircase leading down here.
Unknown command.
Ijyb hits you with a club.
* * * LOW HITPOINT WARNING * * *
Ijyb zaps a wand.
The puff of flame hits you!
You die...

#.#.#.....## ##.....###
#..## #.#.#.....# ##...##.#
##.## #.#.#.....#
#..####.## #..#
#.#.#.....###..#
#..###.####
#.#.#.....##...#
##.........
#.#.###..#.....# ####.#####
#.#........##g## ##.#
####.##.......#..# #..# ##
#(............#@## #.#####.
#................## ##)#
#... #........[...###..#
###..###... #...........##
##># ##...###...#
#............#
#.###..#.......#
#..<....<....#
#.##......######
#............####.##....###
#######.....###........##
##...## #........#


You could see Ijyb.

Vanquished Creatures
  6 adders (D:2)
  3 dart slugs (D:1)
  2 leopard geckos
  4 bats
  3 giant cockroaches
  7 goblins
  6 hobgoblins
  3 jackals (D:1)
  3 kobolds
  2 frilled lizards (D:1)
  6 rats
45 creatures vanquished.

Notes
Turn   | Place    | Note
-------+----------+-------------------------------------------
     0 | D:1      | tilp the Hill Orc Fire Elementalist began the quest for the Orb.
     0 | D:1      | Reached XP level 1. HP: 14/14 MP: 3/3
   132 | D:1      | Reached XP level 2. HP: 20/20 MP: 2/4
   581 | D:1      | Reached skill level 4 in Fire Magic
   646 | D:1      | Reached XP level 3. HP: 24/26 MP: 5/5
   670 | D:1      | Learned a level 3 spell: Conjure Flame
  1503 | D:2      | Reached XP level 4. HP: 25/33 MP: 3/7
  1703 | D:2      | Learned a level 2 spell: Throw Flame
  1745 | D:2      | Reached skill level 5 in Fire Magic
  1756 | D:2      | Found a faded altar of an unknown god.
  1786 | D:2      | Found a white marble altar of Elyvilon.
  2177 | D:3      | Noticed Ijyb
  2191 | D:2      | Killed from afar by Ijyb

Vault maps used:
D:1:      mainiacjoe_arrival_reflecting_pool
D:2:      chequers_ecumenical_altar_simple_redux, dk_noncrumbling_4,
          elyvilon_altar_3
D:3:      grunt_temple_overflow_diamond, minivault_23, okawaru_trees_1,
          uniq_ijyb, uniq_grinder, uniq_natasha, uniq_sigmund

Skill      XL: |  1  2  3  4 |
---------------+-------------+-----
Fire Magic     | 4 5 |  5.0
Spellcasting   | 2 |  2.6
Dodging        | |  1.5
Stealth        | |  1.5
Conjurations   | |  1.0

Action                   |  1- 3 |  4- 6 || total
-------------------------+-------+-------++-------
Melee: Spear             |   111 |    34 ||   145
Throw: Stone             |    15 |    10 ||    25
 Cast: Flame Tongue      |    20 |    16 ||    36
 Stab: Sleeping          |       |     1 ||     1
  Eat: Chunk             |     2 |     3 ||     5
Armor: Robe              |    21 |    13 ||    34
Dodge: Dodged            |    63 |    19 ||    82
